 Dungeon Crawl Stone Soup version 0.24-a0-29-g43a6aff (webtiles) character file.

Game seed: 11803082008841240809

10917 Ereth the Basher (level 11, -11/105 HPs)
             Began as a Troll Fighter on Feb 2, 2019.
             Was an Elder of Yredelemnul.
             Hit by a large rock thrown by a cyclops (32 damage)
             ... on level 11 of the Dungeon.
             The game lasted 00:31:58 (9121 turns).

Ereth the Basher (Troll Fighter)                    Turns: 9121, Time: 00:31:59

Health: -11/105    AC: 14    Str: 29    XL:     11   Next: 42%
Magic:  12/12      EV: 18    Int:  4    God:    Yredelemnul [****..]
Gold:   427        SH: 11    Dex:  9    Spells: 10/10 levels left

rFire    . . .     SeeInvis .   I - +3 flail (protect)
rCold    . . .     Gourm    +   c - +0 shield
rNeg     . . .     Faith    .   E - +2 robe {MR+}
rPois    .         Spirit   .   (helmet restricted)
rElec    .         Reflect  .   j - +2 cloak
rCorr    .         Harm     .   (gloves unavailable)
MR       +....                  (boots unavailable)
Stlth    +++.......             G - amulet of magic regeneration
HPRegen  0.67/turn              m - +6 ring of evasion
MPRegen  0.38/turn              J - ring of stealth

@: about to teleport, corroded, protection aura
A: large, unfitting armour, claws 3, fast metabolism 3, gourmand, regeneration
1, shaggy fur 1, tough skin 3
a: Recall Undead Slaves, Injury Mirror, Animate Dead, Drain Life, Renounce
Religion


You were on level 11 of the Dungeon.
You worshipped Yredelemnul.
Yredelemnul was greatly pleased with you.
You were very full.

You visited 2 branches of the dungeon, and saw 13 of its levels.

You collected 570 gold pieces.
You spent 143 gold pieces at shops.

Inventory:

Hand Weapons
 a - a +1 flail
 p - a +3 flail
 B - a +2 whip of freezing
 I - a +3 flail of protection (weapon)
Missiles
 z - 11 tomahawks (quivered)
Armour
 b - a +1 robe
 c - a +0 shield (worn)
 j - a +2 cloak (worn)
 E - a +2 robe of magic resistance (worn)
Jewellery
 m - a +6 ring of evasion (left claw)
 w - an uncursed ring of protection from magic
 x - an uncursed ring of see invisible
 C - an uncursed ring of fire
 G - an amulet of magic regeneration (around neck)
 J - a ring of stealth (right claw)
 M - an uncursed ring of positive energy {unknown}
Wands
 y - a wand of flame (9)
Scrolls
 g - 2 scrolls of magic mapping
 s - 4 scrolls of teleportation
 t - 2 scrolls of enchant armour
 A - a scroll of remove curse
 D - 2 scrolls of fog
 F - 3 scrolls of amnesia
 H - a scroll of fear
 L - a scroll of random uselessness {unknown}
 N - a scroll of enchant weapon
Potions
 d - 2 potions of might
 e - a potion of mutation
 h - a potion of heal wounds
 i - 10 potions of curing
 k - 2 potions of magic
 l - a potion of flight
 n - 4 potions of brilliance
 o - 4 potions of resistance
 q - 3 potions of degeneration
 r - 3 potions of lignification
 u - a potion of ambrosia
 v - a potion of berserk rage
 K - a potion of cancellation
Comestibles
 f - 29 rations
 O - 3 chunks of flesh


   Skills:
 + Level 5.7 Fighting
 + Level 10.6 Maces & Flails
 + Level 7.5 Dodging
 + Level 2.3 Stealth
 + Level 7.0 Shields
 + Level 3.0 Invocations


You had 10 spell levels left.
You didn't know any spells.
Your spell library contained the following spells:

 Spells                   Type           Power        Failure   Level  Hunger
 Beastly Appendage        Tmut           #.....       65%         1    ##.....
 Confusing Touch          Hex            #.....       65%         1    ##.....
 Corona                   Hex            #......      65%         1    ##.....
 Ensorcelled Hibernation  Hex/Ice        #.....       78%         2    ###....
 Sticks to Snakes         Tmut           #.......     78%         2    ###....
 Confuse                  Hex            #.......     95%         3    ####...
 Dazzling Spray           Conj/Hex       #.....       95%         3    ####...
 Gell's Gravitas          Tloc           #.........   95%         3    ####...
 Spider Form              Tmut/Pois      #.........   95%         3    ####...
 Tukima's Dance           Hex            #.......     95%         3    ####...
 Ice Form                 Ice/Tmut       #.......     100%        4    #####..
 Petrify                  Tmut/Erth      #.......     100%        4    #####..
 Blade Hands              Tmut           #.........   100%        5    ######.
 Metabolic Englaciation   Hex/Ice        #.........   100%        5    ######.
 Yara's Violent Unravell  Hex/Tmut       #.........   100%        5    ######.


Dungeon Overview and Level Annotations

Branches:
Dungeon (12/15)            Temple (1/1) D:4            Lair (0/6) D:9
    Orc: D:9-12

Altars:
Ashenzari
Cheibriados
Dithmenos
Elyvilon
Fedhas
Gozag
Hepliaklqana
Kikubaaqudgha
Makhleb
Nemelex Xobeh
Okawaru
Qazlal
Ru
Sif Muna
Trog
Uskayaw
Vehumet
Wu Jian
Xom
Yredelemnul
Zin
The Shining One

Shops:
D:6 !

Annotations:
D:2 1 runed translucent door, Crazy Yiuf
D:6 Prince Ribbit


Innate Abilities, Weirdness & Mutations

You are too large for most types of armour.
You have claws for hands.
Your metabolism is lightning-fast.
You like to eat raw meat.
Your natural rate of healing is unusually fast.
You are covered in fur. (AC +1)
You have extremely tough skin. (AC +3)


Message History

The centaur hits you but does no damage.
The brown ugly thing kicks you but does no damage.
You block the centaur's attack. The cyclops hits you!!
Items here: ( ))))) †† You thump the cyclops!
The cyclops is lightly wounded.
You block the centaur's attack. The brown ugly thing kicks you.
You are splashed with acid!
As you read the scroll of teleportation, it crumbles to dust.
You feel strangely unstable. The centaur hits you.
The brown ugly thing barely misses you. The cyclops barely misses you.
You block the centaur's attack. The brown ugly thing kicks you.
* * * LOW HITPOINT WARNING * * *
The acid corrodes you!
You are splashed with acid!
* * * LOW HITPOINT WARNING * * *
You block the centaur's attack.
The cyclops throws a large rock.
The large rock hits you!!
You die...
Your body rises from the dead as a mindless zombie.

#..>..##(.#........
#.....#..##......#
#.....#>###......#
#.....#(.........#
#......((##......#
#.....#(###......#
#.....#C# #......#
#.....c)# ####)###
#.....u@# #.#
#####.(.# #.#
######.((#.# #.##
......[(.#.# #..#
.........#.# ##.###
.........#(# #...##
.........#.# ###..#
.........#.# ##.###
..c...C..#.#
#...###


You could see a brown ugly thing, a cyclops and a centaur.

Vanquished Creatures
  Harold (D:8)
  3 death yaks (D:9)
  An unseen horror (D:10)
  Pikel (D:6)
  A troll (D:10)
  7 yaks (D:9)
  2 wyverns
  A hungry ghost (D:7)
  Grum (D:8)
  3 water moccasins
  4 orc warriors
  3 sky beasts
  3 ice beasts
  An eye of draining (D:8)
  2 necrophages
  5 ogres
  2 wolves (D:8)
  A phantom (D:7)
  7 centaurs
  A big kobold (D:10)
  5 bullfrogs
  A scorpion (D:4)
  5 wights (D:10)
  A howler monkey (D:8)
  A centaur zombie (D:6)
  3 crimson imps
  2 quasits (D:10)
  3 hounds
  5 orc priests
  A jelly (D:7)
  6 orc wizards
  A centaur skeleton (D:7)
  3 iguanas
  Natasha (thrice) (D:4)
  5 worker ants
  2 howler monkey zombies
  A worker ant zombie (D:8)
  8 adders
  2 shadow imps
  An adder zombie (D:6)
  2 adder skeletons
  A worm (D:5)
  5 dart slugs
  4 leopard geckos
  39 orcs
  3 giant cockroaches
  9 hobgoblins
  9 jackals
  6 kobolds
  2 quokkas
  A ball python (D:1)
  5 bats
  6 frilled lizards
  9 goblins
  An orc zombie (D:7)
  2 rats (D:1)
213 creatures vanquished.

Vanquished Creatures (collateral kills)
  A two-headed ogre (D:9)
  A troll (D:10)
  A wraith (D:10)
  An ice beast (D:7)
  A phantom (D:9)
  2 ogres
  A wight (D:10)
  A crimson imp (D:8)
  A quasit (D:10)
  A hound (D:8)
  An orc priest (D:10)
  An iguana (D:8)
  2 worker ants
  An adder (D:8)
  A white imp (D:8)
  An adder zombie (D:8)
  9 orcs
  A giant cockroach (D:7)
  2 jackals (D:10)
  A ball python (D:7)
31 creatures vanquished.

Vanquished Creatures (others)
  A slave (D:6)
  A bullfrog skeleton (D:8)
  A big kobold zombie (D:10)
  A sky beast zombie (D:9)
  A necrophage skeleton (D:8)
  2 ogre zombies
  A mummy (D:10)
  A giant cockroach zombie (D:6)
  2 jackal zombies (D:10)
  4 orc skeletons
  7 orc zombies
22 creatures vanquished.

Grand Total: 266 creatures vanquished

Notes
Turn   | Place    | Note
-------+----------+-------------------------------------------
     0 | D:1      | Ereth the Troll Fighter began the quest for the Orb.
     0 | D:1      | Reached XP level 1. HP: 22/22 MP: 0/0
    47 | D:1      | Reached XP level 2. HP: 29/29 MP: 1/1
   156 | D:1      | Reached skill level 2 in Maces & Flails
   502 | D:1      | Reached XP level 3. HP: 36/36 MP: 2/2
   717 | D:2      | Found a snail-covered altar of Cheibriados.
   770 | D:2      | Found a shattered altar of Ashenzari.
   838 | D:2      | Found a runed translucent door.
   839 | D:2      | Noticed Crazy Yiuf
  1573 | D:3      | Reached XP level 4. HP: 41/44 MP: 3/3
  1898 | D:3      | Found a hazy altar of Hepliaklqana.
  1898 | D:3      | Found an ancient bone altar of Kikubaaqudgha.
  2323 | D:4      | Found a staircase to the Ecumenical Temple.
  2335 | D:4      | Noticed a water moccasin
  2354 | D:4      | Killed a water moccasin
  2354 | D:4      | Reached skill level 3 in Maces & Flails
  2354 | D:4      | Reached XP level 5. HP: 19/53 MP: 4/4
  2438 | Temple   | Entered the Ecumenical Temple
  2639 | Temple   | Became a worshipper of Yredelemnul the Dark
  2705 | D:4      | Found a stormy altar of Qazlal.
  2899 | D:4      | Noticed Natasha
  2914 | D:4      | Killed Natasha
  3056 | D:4      | Noticed Natasha
  3065 | D:4      | Killed Natasha
  3208 | D:4      | Reached XP level 6. HP: 61/61 MP: 5/5
  3321 | D:4      | Noticed Natasha
  3340 | D:4      | Killed Natasha
  3340 | D:4      | Reached skill level 4 in Maces & Flails
  3533 | D:5      | Entered Level 5 of the Dungeon
  3819 | D:5      | Reached XP level 7. HP: 41/67 MP: 6/6
  4011 | D:5      | Found a shadowy altar of Dithmenos.
  4092 | D:5      | Reached skill level 5 in Maces & Flails
  4430 | D:6      | Reached * piety under Yredelemnul
  4663 | D:6      | Noticed Prince Ribbit
  4827 | D:6      | Noticed Pikel
  4840 | D:6      | Killed Pikel
  4840 | D:6      | Reached skill level 6 in Maces & Flails
  4840 | D:6      | Reached XP level 8. HP: 63/78 MP: 7/7
  4847 | D:6      | Reached skill level 1 in Stealth
  5056 | D:6      | Found Befuuquf's Distillery.
  5064 | D:6      | Bought a potion of curing for 39 gold pieces
  5064 | D:6      | Bought a potion of might for 52 gold pieces
  5064 | D:6      | Bought a potion of might for 52 gold pieces
  5135 | D:6      | Reached skill level 7 in Maces & Flails
  5654 | D:7      | Reached skill level 5 in Dodging
  5654 | D:7      | Reached skill level 5 in Shields
  5654 | D:7      | Reached XP level 9. HP: 79/84 MP: 8/8
  5781 | D:7      | Reached ** piety under Yredelemnul
  5946 | D:7      | Reached skill level 1 in Invocations
  6288 | D:8      | Reached skill level 8 in Maces & Flails
  6569 | D:8      | Found a shimmering altar of Xom.
  6575 | D:8      | Found an iron altar of Okawaru.
  6608 | D:8      | Reached *** piety under Yredelemnul
  6647 | D:8      | Noticed Grum
  6668 | D:8      | Killed Grum
  7083 | D:8      | Noticed Harold
  7112 | D:8      | Killed Harold
  7112 | D:8      | Reached XP level 10. HP: 68/94 MP: 10/10
  7404 | D:9      | Found a blossoming altar of Fedhas.
  7465 | D:9      | Noticed a death yak
  7473 | D:9      | Noticed a death yak
  7481 | D:9      | Noticed a death yak
  7495 | D:9      | Killed a death yak
  7495 | D:9      | Reached skill level 9 in Maces & Flails
  7499 | D:9      | Reached skill level 5 in Fighting
  7504 | D:9      | Killed a death yak
  7517 | D:9      | Killed a death yak
  7532 | D:9      | Reached skill level 10 in Maces & Flails
  7636 | D:9      | Found a staircase to the Lair.
  7736 | D:9      | Noticed a two-headed ogre
  7746 | D:9      | Killed a two-headed ogre
  7746 | D:9      | Reached XP level 11. HP: 104/104 MP: 10/12
  7876 | D:9      | Identified the cursed +0 robe "Seutywkea" {rElec rC+ Str+4
                  | Int-5}
  8076 | D:10     | Entered Level 10 of the Dungeon
  8206 | D:10     | Killed an unseen horror
  8344 | D:10     | Reached **** piety under Yredelemnul
  8345 | D:10     | Received a gift from Yredelemnul (a mummy)
  9065 | D:11     | Noticed a brown ugly thing
  9121 | D:11     | Hit by a large rock thrown by a cyclops

Vault maps used:
D:1:      shiori_shiawase
D:2:      old_standard_altar, lemuel_round_altar, uniq_crazy_yiuf_cottage
D:3:      gammafunk_temple_overflow_wave
D:4:      nicolae_qazlal_general_emergency, minmay_temple_entry_glass,
          first_ration, uniq_natasha
D:5:      grunt_dithmenos_smoke_and_mirrors
D:6:      serial_shops, shop, minmay_liquid_box, kennysheep_generic_room_6,
          uniq_prince_ribbit1, uniq_pikel
D:7:      grunt_ogre_cave
D:8:      grunt_temple_overflow_open, minmay_fire_ice_demons, uniq_harold,
          uniq_grum
D:9:      fedhas_ov_isle_minmay, dpeg_lair_monsters
D:10:     minmay_circle_x
D:12:     orc_0_dummy
Temple:   nicolae_temple_figure_eight

Skill      XL: |  1  2  3  4  5  6  7  8  9 10 11 |
---------------+----------------------------------+-----
Maces & Flails | 2 3 4 6 7 8 10 | 10.6
Shields        | 3 4 5 6 7 |  7.0
Dodging        | 3 4 5 6 7 |  7.5
Fighting       | 3 4 5 |  5.7
Stealth        | 1 2 |  2.3
Invocations    | 2 3 |  3.0

Action                   |  1- 3 |  4- 6 |  7- 9 | 10-12 || total
-------------------------+-------+-------+-------+-------++-------
Melee: Flail             |   141 |   154 |   157 |   347 ||   799
       Whip              |       |       |   374 |       ||   374
Invok: Animate Remains   |       |       |    12 |       ||    12
       Animate Dead      |       |       |     3 |     6 ||     9
  Use: Scroll            |     8 |     5 |     8 |     8 ||    29
       Potion            |       |     1 |     3 |     2 ||     6
 Stab: Sleeping          |     2 |       |     2 |     5 ||     9
       Distracted        |       |       |     3 |       ||     3
  Eat: Chunk             |    20 |    21 |    37 |    21 ||    99
       Ration            |       |       |       |     1 ||     1
Armor: Robe              |    76 |    49 |    83 |   105 ||   313
Dodge: Dodged            |    78 |    81 |   219 |   208 ||   586
Block: Shield            |    86 |    82 |   210 |   190 ||   568

Table legend:
 A = Non-vault XP
 B = Vault XP
 C = Vault XP percentage of total XP
 D = Non-vault monster count
 E = Vault monster count
 F = Vault count percentage of total count
                 A         B        C        D         E       F
            +---------+---------+-------+---------+---------+-------
      Total |    8989 |    6608 |  42.4 |     219 |      24 |   9.9
            +---------+---------+-------+---------+---------+-------
        D:1 |      43 |       0 |   0.0 |      24 |       0 |   0.0
        D:2 |      27 |       0 |   0.0 |      14 |       0 |   0.0
        D:3 |      57 |       0 |   0.0 |      16 |       0 |   0.0
        D:4 |     394 |      35 |   8.2 |      16 |       1 |   5.9
        D:5 |     673 |       0 |   0.0 |      15 |       0 |   0.0
        D:6 |     655 |     805 |  55.1 |      15 |       3 |  16.7
        D:7 |    1203 |     116 |   8.8 |      32 |       1 |   3.0
        D:8 |    1098 |    1240 |  53.0 |      29 |       6 |  17.1
        D:9 |    2361 |    3398 |  59.0 |      22 |       7 |  24.1
       D:10 |    1862 |    1014 |  35.3 |      26 |       6 |  18.8
       D:11 |     576 |       0 |   0.0 |       9 |       0 |   0.0
       D:12 |      40 |       0 |   0.0 |       1 |       0 |   0.0
            +---------+---------+-------+---------+---------+-------
